 Dungeon Crawl Stone Soup version 0.24.0-125-gc4c63601f3 (webtiles) character file.

Game seed: 13490504087891161033, levelgen mode: deterministic

19 Peloso the Skirmisher (level 2, 27/27 HPs)
             Began as a Minotaur Fighter on Mar 21, 2020.
             Got out of the dungeon alive.
             The game lasted 00:01:27 (331 turns).

Peloso the Skirmisher (Minotaur Fighter)             Turns: 331, Time: 00:01:28

Health: 27/27      AC:  7    Str: 20    XL:     2   Next: 55%
Magic:  1/1        EV:  7    Int:  5    God:
Gold:   45         SH:  9    Dex:  9    Spells: 1/1 levels left

rFire    . . .     SeeInvis .   a - +0 long sword
rCold    . . .     Gourm    .   c - +0 shield
rNeg     . . .     Faith    .   b - +0 scale mail
rPois    .         Spirit   .   (helmet unavailable)
rElec    +         Reflect  .   (no cloak)
rCorr    .         Harm     .   (no gloves)
MR       +....     Rnd*Rage +   (no boots)
Stlth    ..........             (no amulet)
HPRegen  0.09/turn              (no ring)
MPRegen  0.07/turn              (no ring)

@: no status effects
A: retaliatory headbutt, horns 3, berserk 1, magic resistance 1, electricity
resistance
a: no special abilities


You escaped.
You were not hungry.

You visited 1 branch of the dungeon, and saw 2 of its levels.

You collected 45 gold pieces.

Inventory:

Hand Weapons
 a - a +0 long sword (weapon)
Armour
 b - a +0 scale mail (worn)
 c - a +0 shield (worn)
Scrolls
 e - 2 scrolls of enchant weapon {unknown}
 g - 3 scrolls of teleportation {unknown}
Potions
 d - a potion of might
 h - a potion of curing {unknown}
 i - 2 potions of degeneration {unknown}
Comestibles
 f - a ration


   Skills:
 + Level 4.0 Fighting
 + Level 2.6 Long Blades
 + Level 4.0 Armour
 + Level 3.9 Shields


You had one spell level left.
You didn't know any spells.
Your spell library was empty.

Dungeon Overview and Level Annotations

Branches:
Dungeon (2/15)

Altars:
Ru


Innate Abilities, Weirdness & Mutations

You reflexively headbutt those who attack you in melee.
You have a pair of large horns on your head.
You tend to lose your temper in combat.
You are resistant to hostile enchantments. (MR+)
You are resistant to electric shocks. (rElec)


Message History

A hobgoblin comes into view.
A hobgoblin is nearby!
A hobgoblin is nearby!
The hobgoblin hits you but does no damage.
Found a scroll labeled RYMMOI PIMMUF.
You block the hobgoblin's attack.
Found a stone staircase leading up.
You slash the hobgoblin!
You kill the hobgoblin!
There is a stone staircase leading up here.
You climb upwards.
Found a green potion.
There is a stone staircase leading down here.
You see here 9 stones.
There is an open door here.
There is a staircase leading out of the dungeon here.
Are you sure you want to leave the Dungeon?
This will make you lose the game!
Alright, then stay!
Are you sure you want to leave the Dungeon?
This will make you lose the game!
You have escaped!

#..#....#
##..####..# #...#
.# ...######
.(......# ..#####.#
...## #.# ....#
############# ....#
#......#.@.#
....####.###..#...#
.....#.#.#....#'###
...#...#.#.⌠....#.#
.....#.......#..#.#
...........####.'.#
....##.......#..#.#
...###.#.#.⌠....#.#
..## ###.#....#'###


There were no monsters in sight!

Vanquished Creatures
  2 leopard geckos (D:1)
  3 goblins (D:1)
  A hobgoblin (D:2)
  2 kobolds (D:1)
  2 bats (D:1)
  2 frilled lizards
  6 rats (D:1)
18 creatures vanquished.

Notes
Turn   | Place    | Note
-------+----------+-------------------------------------------
     0 | D:1      | Peloso the Minotaur Fighter began the quest for the Orb.
     0 | D:1      | Reached XP level 1. HP: 19/19 MP: 0/0
    90 | D:1      | Reached XP level 2. HP: 26/27 MP: 1/1
   229 | D:1      | Gained mutation: Your mind is acute. (Int +2) [potion of
                  | mutation]
   229 | D:1      | Gained mutation: Your flesh is heat resistant. (rF+)
                  | [potion of mutation]
   229 | D:1      | Gained mutation: You are weak. (Str -2) [potion of
                  | mutation]
   229 | D:1      | Gained mutation: Your mind is very acute. (Int +4) [potion
                  | of mutation]
   230 | D:1      | Lost mutation: Your mind is very acute. (Int +4) [potion of
                  | mutation]
   230 | D:1      | Lost mutation: Your flesh is heat resistant. (rF+) [potion
                  | of mutation]
   230 | D:1      | Lost mutation: Your mind is acute. (Int +2) [potion of
                  | mutation]
   230 | D:1      | Lost mutation: You are weak. (Str -2) [potion of mutation]
   230 | D:1      | Gained mutation: You tend to lose your temper in combat.
                  | [potion of mutation]
   230 | D:1      | Gained mutation: You have a pair of large horns on your
                  | head. [potion of mutation]
   230 | D:1      | Gained mutation: You are resistant to electric shocks.
                  | (rElec) [potion of mutation]
   230 | D:1      | Gained mutation: You are resistant to hostile enchantments.
                  | (MR+) [potion of mutation]
   243 | D:2      | Found a sacrificial altar of Ru.
   331 | D:$      | Got out of the dungeon alive.

Levels and vault maps discovered:
D:1:      dpeg_arrival_court, layout_rooms
D:2:      layout_loops_ring, hangedman_ru_absence, minmay_misc_feat_nine_boxes,
          minmay_nonomino_d4

Skill      XL: |  1  2 |
---------------+-------+-----
Fighting       | 4 |  4.0
Armour         | 4 |  4.0
Long Blades    | |  2.6
Shields        | |  3.9

Action                   || total
-------------------------++-------
Melee: Long sword        ||    26
       Headbutt          ||     5
  Use: Potion            ||     2
Armor: Scale mail        ||    14
Dodge: Dodged            ||     8
Block: Shield            ||    12
       Rpst.: Long sword ||     4
